 Dungeon Crawl Stone Soup version 0.31-a0-963-ga325b2283a (webtiles) character file.

Game seed: 3293844644245321157

32009 croobank the Fighter (level 13, -11/107 HPs)
             Began as an Octopode Monk on Oct 24, 2023.
             Was a High Priest of Ashenzari.
             Mangled by a blink frog (12 damage)
             ... on level 3 of the Lair of Beasts.
             The game lasted 01:44:38 (23315 turns).

croobank the Fighter (Octopode Monk)               Turns: 23315, Time: 01:44:39

Health: -11/107    AC:  1    Str: 10    XL:     13   Next: 61%
Magic:  27/29      EV: 21    Int: 17    God:    Ashenzari [*****.]
Gold:   1387       SH:  0    Dex: 21    Spells: 8/36 levels left

rFire   + + .        U - +3 scimitar (flame)
rCold   . . .        (no shield)
rNeg    + . .        (helmet restricted)
rPois   .            I - amulet "Prison of Ashenzari" {Acrobat, Dev, Comp} (curse)
rElec   .            e - ring "Shattered With Me" {rF+, Range, Self} (curse)
rCorr   +            n - ring of Supernal Wisdom {Dex+6, Comp, Self} (curse)
SInv    +            m - ring "Disgust of Ashenzari" {rCorr, Fort, Self} (curse)
Will    +....        T - ring "Chained Together" {rF+, Bglg, Dev} (curse)
Stlth   +++          R - ring "Chained Frustration" {rN+, Self, Bglg} (curse)
HPRegen 0.37/turn    z - ring of the Eye in the Sky {Will+, Fort, Range} (curse)
MPRegen 0.21/turn    O - ring "Cursed With Me" {Wiz, Bglg, Elem} (curse)
                     K - ring of Ashenzari's Gloom {Fly, Bglg, Melee} (curse)

%: acrobat, clarity, wizardry (x1)
@: mighty, flying, invisible
A: almost no armour, amphibious, 8 rings, camouflage 1, gelatinous body 1,
(nimble swimmer 1), tentacles
a: Renounce Religion, Curse Item, Shatter the Chains


You were on level 3 of the Lair of Beasts.
You worshipped Ashenzari.
Ashenzari was extremely pleased with you.
You visited 3 branches of the dungeon, and saw 17 of its levels.
You also visited: Sewer and Bailey.

You collected 1492 gold pieces.
You spent 105 gold pieces at shops.

Inventory:

Hand Weapons
 a - a +1 dagger of electrocution
 b - a +0 arbalest
 k - a +0 short sword of protection
 o - a +2 dagger of venom
 p - a -1 demon whip of venom
 r - the +2 short sword of Kaun {freeze, rElec rPois rC+ Int-5}
   (You found it on level 4 of the Dungeon)

   Int-5:     It affects your intelligence (-5).
   rC+:       It protects you from cold.
   rElec:     It insulates you from electricity.
   rPois:     It protects you from poison
 y - a +0 war axe
 C - a +0 morningstar
 F - a +7 flail of protection
 L - a +5 heavy spear
 S - a +4 hand axe
 U - a +3 scimitar of flaming (weapon)
Armour
 c - an orb of light
 J - the +3 hat of Pondering {ponderous, Will+ MP+10 Int+5}
   (You found it in a bailey)

   Int+5:     It affects your intelligence (+5).
   Will+:     It increases your willpower.
   MP+10:     It affects your magic capacity (+10).
Jewellery
 e - the cursed ring "Shattered With Me" (left tentacle) {rF+, Range, Self}
   (You found it on level 1 of the Dungeon)

   [ring of protection from fire]

   rF+:       It protects you from fire.
   It has a curse which improves the following skills: Ranged Combat: Ranged
   Weapons and Throwing.
   Introspection: Fighting and Spellcasting.
 i - the amulet of Elemental Vulnerability {rPois rF-- rC-- AC+8}
   (You took it off a wight on level 7 of the Dungeon)

   [amulet of nothing]

   AC+8:      It affects your AC (+8).
   rF--:      It makes you very vulnerable to fire.
   rC--:      It makes you very vulnerable to cold.
   rPois:     It protects you from poison
 m - the cursed ring "Disgust of Ashenzari" (on tentacle) {rCorr, Fort, Self}
   (You took it off an orc on level 3 of the Dungeon)

   [ring of resist corrosion]

   rCorr:     It protects you from acid and corrosion.
   It has a curse which improves the following skills: Fortitude: Shields.
   Introspection: Fighting and Spellcasting.
 n - the cursed ring of Supernal Wisdom (right tentacle) {Dex+6, Comp, Self}
   (You found it on level 3 of the Dungeon)

   [ring of dexterity]

   Dex+6:     It affects your dexterity (+6).
   It has a curse which improves the following skills: Companions: Summonings
   and Necromancy.
   Introspection: Fighting and Spellcasting.
 z - the cursed ring of the Eye in the Sky (on tentacle) {Will+, Fort, Range}
   (You found it on level 10 of the Dungeon)

   [ring of willpower]

   Will+:     It increases your willpower.
   It has a curse which improves the following skills: Fortitude: Shields.
   Ranged Combat: Ranged Weapons and Throwing.
 E - a ring of ice
 I - the cursed amulet "Prison of Ashenzari" (around mantle) {Acrobat, Dev, Comp}
   (You found it on level 7 of the Dungeon)

   [amulet of the acrobat]

   Acrobat:   It increases your evasion while moving and waiting.
   It has a curse which improves the following skills: Devices: Evocations and
   Shapeshifting.
   Companions: Summonings and Necromancy.
 K - the cursed ring of Ashenzari's Gloom (on tentacle) {Fly, Bglg, Melee}
   (You found it on level 10 of the Dungeon)

   [ring of flight]

   Fly:       It grants you flight.
   It has a curse which improves the following skills: Beguiling: Conjurations,
   Hexes and Translocations.
   Melee Combat: Short Blades, Long Blades, Axes, Maces & Flails, Polearms,
   Staves and Unarmed Combat.
 O - the cursed ring "Cursed With Me" (on tentacle) {Wiz, Bglg, Elem}
   (You found it on level 10 of the Dungeon)

   [ring of wizardry]

   Wiz:       It improves your spell success rate.
   It has a curse which improves the following skills: Beguiling: Conjurations,
   Hexes and Translocations.
   Elements:  Fire Magic, Ice Magic, Air Magic and Earth Magic.
 R - the cursed ring "Chained Frustration" (on tentacle) {rN+, Self, Bglg}
   (You found it on level 8 of the Dungeon)

   [ring of positive energy]

   rN+:       It protects you from negative energy.
   It has a curse which improves the following skills: Introspection: Fighting
   and Spellcasting.
   Beguiling: Conjurations, Hexes and Translocations.
 T - the cursed ring "Chained Together" (on tentacle) {rF+, Bglg, Dev}
   (You found it on level 9 of the Dungeon)

   [ring of protection from fire]

   rF+:       It protects you from fire.
   It has a curse which improves the following skills: Beguiling: Conjurations,
   Hexes and Translocations.
   Devices:   Evocations and Shapeshifting.
Talismans
 x - the maw talisman of Dishonour {rF+}
   (You found it on level 1 of the Lair of Beasts)

   [maw talisman]

   rF+:       It protects you from fire.
 W - a beast talisman
 Z - a storm talisman
Wands
 v - a wand of flame (62)
 B - a wand of paralysis (4)
 D - a wand of iceblast (6)
Scrolls
 j - 2 scrolls of blinking
 q - a scroll of enchant armour
 s - 2 scrolls of revelation
 u - 8 scrolls of identify
 G - a scroll of teleportation
 N - 2 scrolls of fog
 V - a scroll of vulnerability
 X - 2 scrolls of poison
 Y - a scroll of brand weapon
Potions
 d - 6 potions of lignification
 g - a potion of brilliance
 h - 6 potions of curing
 l - 3 potions of ambrosia
 t - a potion of resistance
 w - 2 potions of attraction
 A - 2 potions of cancellation
 M - 2 potions of magic
 Q - a potion of mutation
Miscellaneous
 H - a lightning rod (4/4)


   Skills:
 + Level 11.3(16.3) Fighting
 - Level 10.5(12.7) Short Blades
 + Level 11.0 Dodging
 + Level 7.1(12.1) Spellcasting
 + Level 4.5(9.1) Conjurations
 - Level 3.3(7.5) Hexes
 * Level 6.8(10.0) Summonings
 - Level 3.0(7.0) Translocations
 - Level 1.5(3.0) Fire Magic
 - Level 7.0(9.2) Air Magic


You had 8 spell levels left.
You knew the following spells:

 Your Spells              Type           Power      Damage    Failure   Level
a - Apportation           Tloc           68%        N/A       1%          1
b - Blink                 Tloc           68%        N/A       1%          2
c - Swiftness             Air            41%        N/A       1%          3
d - Airstrike             Air            20%        2d(3-19)  1%          4
e - Confusing Touch       Hex            35%        N/A       1%          3
f - Summon Forest         Summ/Tloc      19%        N/A       2%          5
g - Iskenderun's Mystic   Conj/Tloc      37%        2d9       1%          4
h - Mephitic Cloud        Conj/Pois/Air  31%        N/A       1%          3
i - Inner Flame           Hex/Fire       28%        N/A       1%          3

Your spell library contained the following spells:

 Spells                   Type           Power      Damage    Failure   Level
 Kiss of Death            Conj/Necr      100%       2d13      1%          1
 Shock                    Conj/Air       100%       1d9       1%          1
 Slow                     Hex            100%       N/A       1%          1
 Jinxbite                 Hex            70%        N/A       1%          2
 Lesser Beckoning         Tloc           68%        N/A       1%          2
 Momentum Strike          Conj/Tloc      74%        3d10      1%          2
 Gell's Gravitas          Tloc           34%        N/A       1%          3
 Sigil of Binding         Hex            35%        N/A       1%          3
 Teleport Other           Tloc           34%        N/A       1%          3
 Volatile Blastmotes      Fire/Tloc      54%        2d14      1%          3
 Vhi's Electric Charge    Tloc/Air       74%        N/A       1%          4
 Flame Wave               Conj/Fire      31%        2d9       2%          4
 Sticky Flame             Conj/Fire      31%        2d5       2%          4
 Wereblood                Tmut           10%        N/A       4%          2
 Vampiric Draining        Necr           11%        2d6       7%          3
 Ozocubu's Armour         Ice            11%        N/A       8%          3
 Dispersal                Tloc           17%        N/A       22%         6
 Alistair's Intoxication  Tmut/Pois      6%         N/A       56%         5
 Haunt                    Necr/Summ      14%        N/A       92%         7
 Ozocubu's Refrigeration  Ice            5%         4d8       100%        7
 Chain Lightning          Conj/Air       20%        3d27      100%        9


Dungeon Overview and Level Annotations

Branches:
Dungeon (12/15)            Temple (1/1) D:7            Lair (4/5) D:10
 Shoals (0/4) Lair:2       Spider (0/4) Lair:2        Slime (0/5) Lair:4
    Orc (0/2) D:9           Sewer (visited)          Bailey (visited)

Altars:
Ashenzari
Cheibriados
Dithmenos
Elyvilon
Fedhas
Gozag
Hepliaklqana
Kikubaaqudgha
Makhleb
Nemelex Xobeh
Okawaru
Qazlal
Ru
Sif Muna
Trog
Uskayaw
Vehumet
Wu Jian
Xom
Yredelemnul
Zin
The Shining One

Shops:
D:2 *

Annotations:
D:5 1 runed translucent door, CowFu's ghost, novice MiFi
D:9 3 runed translucent doors, jlumianski's ghost, novice GnSh
D:11 !skeletal warriors


Innate Abilities, Weirdness & Mutations

You cannot wear most types of armour.
You are amphibious.
You can wear up to eight rings at the same time.
Your skin changes colour to match your surroundings (Stealth+).
Your rubbery body absorbs attacks. (AC +1, EV +1)
((You are camouflaged when in or above water. (Stealth+)))
You have tentacles for arms and can constrict up to eight enemies at once.


Message History

You need more open space to fit a forest.
You need more open space to fit a forest.
You fade into invisibility!
The blink frog misses you. The blink frog barely misses you.
You feel very mighty all of a sudden.
The blink frog misses you. x2; The blink frog barely misses you.
Casting: Summon Forest (dangerous; 2% risk of failure)
Confirm with . or Enter, or press ? or * to list all spells.
Your tentacles begin to glow red.
The blink frog completely misses you. x2
You are too injured to fight recklessly!
You are too injured to fight recklessly!
You are too injured to fight recklessly!
You strike the helpless blink frog from behind!
You hit the blink frog but do no damage.
You grab the blink frog. You squeeze the blink frog.
The blink frog is lightly wounded.
You constrict the blink frog. The blink frog hits you!
* * * LOW HITPOINT WARNING * * *
The blink frog completely misses you. The blink frog barely misses you.
The blink frog completely misses you.
You hit the blink frog but do no damage.
The blink frog is moderately wounded.
You constrict the blink frog. The blink frog misses you.
The blink frog struggles to escape constriction.
You hit the blink frog but do no damage.
You grab the blink frog. You constrict the blink frog. x2
The blink frog completely misses you. The blink frog misses you. x2
You catch the helpless blink frog completely off-guard!
You hit the blink frog but do no damage.
The blink frog is lightly wounded.
You constrict the blink frog. x2; The blink frog misses you.
The blink frog struggles to escape constriction.
You hit the blink frog but do no damage.
The blink frog appears confused.
You squeeze the blink frog!
The blink frog is heavily wounded.
You constrict the blink frog. x2; The blink frog hits you!
* * * LOW HITPOINT WARNING * * *
The blink frog completely misses you. The blink frog barely misses you.
The blink frog hits you!
You die...

.................##..)## ##..
......##.#.......#..### ##..§
......####..######.#### #≈..§
......# ##..P#####..#.#######≈..§
......###.....P.##..≈.#.#..#....8
.......##.^......##............≈.
......####.......##......##.[.§[.
............##..F##≈.....#####...
............P##F@###...§## #§...
.P##........####.# ##.### #....
####........## #.# ### ##..≈ #
########.P###.# ##.. #
#(.###..#### ##.. # ##.# ##....#
#... #.####....# ##.. #
##.P##....## ##.# # #..####...#
#..P


You could see 2 blink frogs.

Vanquished Creatures
  Erica (D:11)
  A hydra (Lair:4)
  4 two-headed ogres
  A boulder beetle (D:11)
  Amaemon (D:10)
  An orb spider (Lair:2)
  An orc knight (Bailey)
  A deep elf zephyrmancer (Bailey)
  Pikel (D:4)
  A cyclops (D:7)
  3 elephants
  A black mamba (Lair:1)
  An orange demon (D:10)
  5 cane toads
  11 rime drakes
  3 unseen horrors
  6 komodo dragons
  A troll (D:12)
  Prince Ribbit (D:9)
  A polar bear (Lair:4)
  8 blink frogs
  A snapping turtle (Lair:2)
  3 vampires (D:11)
  A human (D:9)
  A shadow (D:11)
  A wraith (D:10)
  10 yaks
  2 wyverns
  8 steam dragons
  A water elemental (Lair:2)
  4 basilisks
  Edmund (D:6)
  8 water moccasins
  4 acid dragons
  2 wargs (D:9)
  11 orc warriors
  3 black bears
  2 sky beasts (D:7)
  3 ice beasts
  10 centaurs
  9 bullfrogs
  2 gnoll sergeants (D:10)
  2 scorpions
  5 wights (D:7)
  11 killer bees
  2 howler monkeys
  A centaur zombie (D:7)
  10 orc priests
  8 jellies
  A hound (D:5)
  2 iguanas (D:6)
  5 orc wizards
  A howler monkey zombie (D:7)
  6 gnolls
  13 adders
  A river rat (D:4)
  2 shadow imps
  2 white imps
  2 ufetubi (D:7)
  A worm (D:4)
  A dart slug (D:2)
  55 orcs
  10 endoplasms
  4 giant cockroaches
  19 goblins
  5 hobgoblins
  4 jackals (D:2)
  7 quokkas
  14 ball pythons
  3 bats
  7 frilled lizards
  10 kobolds
  8 rats
363 creatures vanquished.

Vanquished Creatures (collateral kills)
  An oklob plant (D:10)
  2 elephants (Lair:4)
  A cane toad (Lair:4)
  2 rime drakes
  3 komodo dragons
  3 yaks (Lair:1)
  2 water moccasins (Lair:1)
  A killer bee (D:11)
  2 orc priests (D:11)
  An orc (D:11)
18 creatures vanquished.

Vanquished Creatures (others)
  5 snaplasher vines
5 creatures vanquished.

Grand Total: 386 creatures vanquished

Notes
Turn   | Place    | Note
-------+----------+-------------------------------------------
     0 | D:1      | croobank the Octopode Monk began the quest for the Orb.
     0 | D:1      | Reached XP level 1. HP: 16/16 MP: 1/1
   113 | D:1      | Got Bokiahiso's Encyclopedia of the Excursion and Outbursts
   169 | D:1      | Reached XP level 2. HP: 21/21 MP: 2/2
   589 | D:2      | Reached XP level 3. HP: 26/26 MP: 3/3
  1062 | D:2      | Reached XP level 4. HP: 32/33 MP: 4/4
  1249 | D:2      | Found Sepufe's General Store.
  1267 | D:2      | Bought a scroll of blinking for 105 gold pieces
  1764 | D:3      | Reached XP level 5. HP: 29/37 MP: 5/5
  2371 | D:4      | Found a glowing golden altar of the Shining One.
  2420 | D:4      | Found an ornate altar of the Wu Jian Council.
  2434 | D:4      | Found a glowing drain.
  2513 | Sewer    | Entered a sewer
  2617 | Sewer    | Reached XP level 6. HP: 44/44 MP: 6/6
  2900 | D:4      | Noticed a black bear
  2904 | D:4      | Noticed Pikel
  2925 | D:4      | Killed Pikel
  2926 | D:4      | Reached skill level 5 in Fighting
  2926 | D:4      | Reached skill level 5 in Short Blades
  2926 | D:4      | Reached skill level 5 in Dodging
  2926 | D:4      | Reached XP level 7. HP: 51/51 MP: 7/7
  2928 | D:4      | Reached XP level 8. HP: 57/57 MP: 8/8
  2990 | D:4      | Identified the +2 short sword of Kaun {freeze, rElec rPois
                  | rC+ Int-5}
  3355 | D:5      | Entered Level 5 of the Dungeon
  3825 | D:5      | Found a runed translucent door.
  3829 | D:5      | Noticed CowFu's ghost (novice MiFi)
  4863 | D:6      | Noticed Edmund
  4874 | D:6      | Killed Edmund
  5166 | D:7      | Reached XP level 9. HP: 34/64 MP: 9/9
  6263 | D:7      | Found a basalt altar of Yredelemnul.
  6284 | D:7      | Found a staircase to the Ecumenical Temple.
  6293 | Temple   | Entered the Ecumenical Temple
  6374 | Temple   | Became a worshipper of Ashenzari the Shackled
  6474 | D:7      | Reached * piety under Ashenzari
  6477 | D:7      | Noticed a cyclops
  6716 | D:7      | Found an opulent altar of Gozag.
  6753 | D:7      | Killed a cyclops
  6873 | Bailey   | Identified the "Qin Jonk"
  6920 | D:8      | Found a flagged portal.
  6979 | Bailey   | Entered a bailey
  7058 | Bailey   | Noticed an orc knight
  7102 | Bailey   | Reached skill level 1 in Translocations
  7108 | Bailey   | Reached skill level 1 in Spellcasting
  7119 | Bailey   | Reached XP level 10. HP: 75/75 MP: 13/13
  7156 | Bailey   | Killed an orc knight
  7163 | Bailey   | Learned a level 2 spell: Blink
  7165 | Bailey   | Learned a level 1 spell: Apportation
  7169 | Bailey   | Learned a level 3 spell: Swiftness
  7202 | Bailey   | Found a large runed translucent door.
  7202 | Bailey   | Found a large runed translucent door.
  7203 | Bailey   | Noticed a deep elf zephyrmancer
  7204 | Bailey   | Found the +3 hat of Pondering {ponderous, Will+ MP+10
                  | Int+5}
  7249 | Bailey   | Killed a deep elf zephyrmancer
  7250 | Bailey   | Reached skill level 1 in Air Magic
  8339 | D:9      | Found a staircase to the Orcish Mines.
  8375 | D:9      | Noticed a two-headed ogre
  8872 | D:9      | Killed a two-headed ogre
  8982 | D:9      | Found a runed translucent gate.
  8982 | D:9      | Found a runed translucent gate.
  8982 | D:9      | Found a runed translucent gate.
  8983 | D:9      | Noticed a kobold demonologist
  8983 | D:9      | Noticed a kobold demonologist
  8983 | D:9      | Noticed a kobold demonologist
  8985 | D:9      | Noticed jlumianski's ghost (novice GnSh)
  9136 | D:9      | Noticed Prince Ribbit
  9143 | D:9      | Killed Prince Ribbit
  9695 | D:9      | Noticed a two-headed ogre
  9700 | D:9      | Reached ** piety under Ashenzari
 10040 | D:9      | Reached XP level 11. HP: 54/85 MP: 20/20
 10212 | D:10     | Entered Level 10 of the Dungeon
 10219 | D:10     | Noticed Amaemon
 10408 | D:10     | Found a staircase to the Lair.
 10410 | D:10     | Noticed an oklob plant
 11276 | D:10     | Noticed a two-headed ogre
 11283 | D:10     | Found the +4 skin of Zhor {*Englaciate rC+++ SInv}
 11295 | D:10     | Reached skill level 5 in Air Magic
 11528 | D:10     | Reached *** piety under Ashenzari
 11535 | D:10     | Learned a level 4 spell: Airstrike
 11597 | D:10     | Found a blossoming altar of Fedhas.
 11717 | D:10     | Killed a two-headed ogre
 11923 | D:10     | Killed Amaemon
 12995 | D:10     | Learned a level 3 spell: Confusing Touch
 13214 | D:9      | Killed a two-headed ogre
 13215 | D:9      | Reached skill level 5 in Spellcasting
 13215 | D:9      | Reached skill level 1 in Hexes
 13695 | D:11     | Noticed Erica
 13707 | D:11     | Killed Erica
 13823 | D:11     | Reached skill level 10 in Fighting
 13849 | D:11     | Noticed a boulder beetle
 13916 | D:11     | Reached **** piety under Ashenzari
 13934 | D:11     | Reached XP level 12. HP: 44/97 MP: 17/25
 13948 | D:11     | Killed a boulder beetle
 13949 | D:11     | Reached skill level 10 in Short Blades
 14131 | D:11     | Learned a level 5 spell: Summon Forest
 14826 | D:12     | Identified the "Nateles"
 14945 | D:12     | Learned a level 4 spell: Iskenderun's Mystic Blast
 15084 | D:12     | Reached skill level 10 in Dodging
 15158 | D:12     | Learned a level 3 spell: Mephitic Cloud
 15383 | D:12     | Noticed a two-headed ogre
 15392 | D:12     | Killed a two-headed ogre
 15393 | D:12     | Reached skill level 1 in Summonings
 15939 | D:11     | Reached skill level 1 in Conjurations
 17036 | D:15     | Identified the of Quped
 17036 | Lair:1   | Entered Level 1 of the Lair of Beasts
 17036 | Lair:1   | Identified the maw talisman of Dishonour {rF+}
 17295 | Lair:1   | Reached ***** piety under Ashenzari
 17341 | Lair:1   | HP: 3/99 [rime drake/icy flash freeze (12)]
 18904 | Lair:2   | Found a hole to the Spider Nest.
 19216 | Lair:2   | Reached XP level 13. HP: 88/105 MP: 24/28
 19454 | Lair:2   | Found a staircase to the Shoals.
 19727 | Lair:2   | Found an iron altar of Okawaru.
 20072 | Lair:3   | Reached skill level 5 in Summonings
 20992 | Lair:3   | Identified the +0 rapier of Ajir {spect, *Corrode Fly Dex+7
                  | SInv}
 22025 | Lair:4   | Identified the +3 scale mail "Nujowkur" {rF+ rC+}
 22076 | Lair:4   | Learned a level 3 spell: Inner Flame
 22214 | Lair:4   | Reached skill level 1 in Fire Magic
 23249 | Lair:4   | Found a staircase to the Slime Pits.
 23315 | Lair:3   | HP: 1/107 [blink frog (14)]
 23315 | Lair:3   | Mangled by a blink frog

Illustrated notes

Levels and vault maps discovered:
D:1:      dpeg_arrival_lava_temple_mockup, layout_rooms, minmay_tetromino_t4
D:2:      layout_basic, serial_shops, nicolae_shop_advertising_works
          [nicolae_subvault_shop_adworks], nrook_uturn
D:3:      layout_rooms
D:4:      kennysheep_the_goblin_king, layout_rooms, overflow_temple_1_default,
          nicolae_tso_swordbearing_angel, portal_sewer_entry_a, uniq_pikel
D:5:      layout_loops_ring, gammafunk_ghost_grave
D:6:      layout_rooms, uniq_edmund
D:7:      layout_basic, lemuel_zombie_altar_yredelemnul,
          mainiacjoe_overflow_alcove_1, minmay_temple_entry_overgrown,
          minmay_crystal_water
D:8:      layout_loops_ring, enter_bailey_5
D:9:      layout_grid_maze, erik_orc_4, gammafunk_ghost_nasty_kobolds,
          st_stairs_11, uniq_prince_ribbit1
D:10:     minmay_bubble_buster, layout_cave_pools,
          nicolae_overflow_crystal_walls, dpeg_oklobed_lair,
          hellmonk_guarded_unrand_zhor, uniq_amaemon
D:11:     layout_roguey, kennysheep_doodads, uniq_erica
D:12:     layout_basic
Temple:   minmay_crystal_spiral_temple
Lair:1:   layout_cave_pods, infiniplex_staircase_pool_2
Lair:2:   layout_cave_pods, minmay_shoals_entry_hut,
          nicolae_spider_entry_orb_guardian, basic_altar, minivault_11,
          serial_bayou_shore_a
Lair:3:   layout_small_grid, bobbens_dragon_lair_wall
Lair:4:   layout_concentric_octagons, nicolae_slime_entry_slimehenge,
          patterned_corridor, grunt_megastairs_4, lemuel_fruit_tree,
          infiniplex_staircase_pool

Skill      XL: |  1  2  3  4  5  6  7  8  9 10 11 12 13 |
---------------+----------------------------------------+-----
Fighting       | 4 5 7 8 9 10 11 | 11.3
Short Blades   | 4 5 7 8 9 10 | 10.5
Dodging        | 4 5 7 8 9 10 11 | 11.0
Translocations | 1 3 |  3.0
Spellcasting   | 1 3 5 6 7 |  7.1
Air Magic      | 4 6 7 |  7.0
Hexes          | 2 3 |  3.3
Summonings     | 4 6 |  6.8
Conjurations   | 3 4 |  4.5
Fire Magic     | 1 |  1.5

Action                     |  1- 3 |  4- 6 |  7- 9 | 10-12 | 13-15 || total
---------------------------+-------+-------+-------+-------+-------++-------
  Melee: Short sword       |    99 |    25 |       |   127 |       ||   251
         Constrict         |    28 |    13 |    15 |    56 |    19 ||   131
         Tentacles         |    20 |    10 |    23 |   175 |    84 ||   312
         Punch             |     2 |       |       |    11 |     6 ||    19
         Dagger            |       |    23 |   100 |   386 |   164 ||   673
         Scimitar          |       |       |       |       |    63 ||    63
   Fire: Arbalest          |       |    72 |   221 |   126 |       ||   419
   Cast: Swiftness         |       |       |       |    17 |       ||    17
         Confusing Touch   |       |       |       |    55 |    35 ||    90
         Airstrike         |       |       |       |     4 |     8 ||    12
         Apportation       |       |       |       |     4 |       ||     4
         Blink             |       |       |       |     4 |     1 ||     5
         Summon Forest     |       |       |       |    15 |     6 ||    21
         Mephitic Cloud    |       |       |       |     3 |     4 ||     7
         Inner Flame       |       |       |       |       |     4 ||     4
 Invoke: Curse Item        |       |       |     2 |     7 |       ||     9
  Evoke: Wand              |       |       |     7 |    15 |       ||    22
         Lightning rod     |       |       |       |     5 |       ||     5
    Use: Scroll            |     5 |     6 |     4 |    12 |     4 ||    31
         Potion            |       |     1 |     3 |    13 |     6 ||    23
   Stab: Sleeping          |       |     1 |       |     9 |     2 ||    12
         Confused          |       |       |       |    30 |    15 ||    45
         Invisible         |       |       |       |     6 |     2 ||     8
         Paralysed         |       |       |       |     1 |       ||     1
         Distracted        |       |       |       |     1 |     4 ||     5
 Armour: Skin              |    36 |    22 |    64 |   210 |    87 ||   419
  Dodge: Dodged            |    53 |    45 |   101 |   391 |   184 ||   774

Table legend: (Time is in decaauts)
 A = Elapsed time spent in this place.
 B = Non-inter-level travel time spent in this place.
 C = Inter-level travel time spent in this place.
 D = Time resting spent in this place.
 E = Time spent auto-exploring this place.
 F = Levels seen in this place.
 G = Mean time per level.
                   A        B        C        D        E       F      G
               +--------+--------+--------+--------+--------+-----+--------+
         Total |  23215 |  22454 |    761 |   9371 |   8386 |  19 | 1221.8 |
       Dungeon |  16061 |  15668 |    393 |   6794 |   5713 |  12 | 1338.4 |
        Temple |    163 |      2 |    161 |      0 |      0 |   1 |  163.0 |
          Lair |   6129 |   5923 |    206 |   2477 |   2460 |   4 | 1532.2 |
         Sewer |    403 |    403 |      0 |     83 |    213 |   1 |  403.0 |
        Bailey |    456 |    456 |      0 |     16 |      0 |   1 |  456.0 |
               +--------+--------+--------+--------+--------+-----+--------+

Top non-repeatable levels by time:
    D:10: 3618 daAuts
  Lair:3: 2375 daAuts
     D:9: 2237 daAuts
  Lair:1: 1785 daAuts
     D:7: 1573 daAuts
     D:8: 1494 daAuts
    D:11: 1396 daAuts
  Lair:2: 1154 daAuts
     D:5: 1083 daAuts
     D:2: 1056 daAuts
    D:12: 947 daAuts
  Lair:4: 815 daAuts
     D:3: 781 daAuts
     D:6: 724 daAuts
     D:4: 649 daAuts
